 Dungeon Crawl Stone Soup version 0.28.0-1-gb440e238dd (webtiles) character file.

Game seed: 5490788795177550549

16 Crownlay the Grave Robber (level 2, -4/20 HPs)
             Began as a Ghoul Necromancer on Feb 20, 2022.
             Slain by a kobold (5 damage)
             ... on level 1 of the Dungeon.
             The game lasted 00:01:46 (313 turns).

Crownlay the Grave Robber (Ghoul Necromancer)        Turns: 313, Time: 00:01:47

Health: -4/20      AC:  2    Str: 11    XL:     2   Next: 58%
Magic:  1/4        EV: 12    Int: 10    God:
Gold:   5          SH:  0    Dex:  9    Spells: 3/5 levels left

rFire   . . .      SeeInvis .   (no weapon)
rCold   + . .      Faith    .   (no shield)
rNeg    + + +      Spirit   .   a - +0 robe
rPois   ∞          Reflect  .   (no helmet)
rElec   .          Harm     .   (no cloak)
rCorr   .          Rampage  .   (no gloves)
Will    .....                   (no boots)
Stlth   ++........              (no amulet)
HPRegen 0.00/turn               (no ring)
MPRegen 0.09/turn               (no ring)

@: inhibited regen
A: claws 1, cold resistance 1, negative energy resistance 3, inhibited
regeneration, torment resistance 2
a: no special abilities


You were on level 1 of the Dungeon.
You visited 1 branch of the dungeon, and saw 1 of its levels.

You collected 5 gold pieces.

Inventory:

Armour
 a - a +0 robe (worn)
Scrolls
 b - a scroll of identify {unknown}
 c - a scroll of teleportation {unknown}
Potions
 d - a potion of attraction {unknown}


   Skills:
 - Level 1.7 Dodging
 - Level 2.1 Stealth
 * Level 2.4 Spellcasting
 + Level 4.2 Necromancy


You had 3 spell levels left.
You knew the following spells:

 Your Spells              Type           Power      Damage    Failure   Level
a - Pain                  Necr           36%        1d5       5%          1
b - Animate Skeleton      Necr           18%        N/A       5%          1

Your spell library contained the following spells:

 Spells                   Type           Power      Damage    Failure   Level
 Vampiric Draining        Necr           9%         2d6       16%         3
 Animate Dead             Necr           4%         N/A       45%         4
 Agony                    Necr           9%         N/A       82%         5


Dungeon Overview and Level Annotations

Branches:
Dungeon (1/15)

Altars:


Innate Abilities, Weirdness & Mutations

You thrive by killing the living.
You are immune to poison.
You have sharp fingernails.
Your flesh is cold resistant. (rC+)
You are immune to negative energy. (rN+++)
You do not regenerate when monsters are visible.
You are immune to unholy pain and torment.


Message History

The endoplasm hits you but does no damage.
You scratch the endoplasm but do no damage.
The endoplasm is heavily wounded.
The hobgoblin closely misses you.
The kobold hits you with a +1 short sword of draining.
The endoplasm jiggles.
The endoplasm hits you.
You are too injured to fight recklessly!
You are too injured to fight recklessly!
You are too injured to fight recklessly!
You are too injured to fight recklessly!
You are too injured to fight recklessly!
Attack: -) Claws
Press: ? - help, Dir - move target, f - kobold
Aim: a kobold, wielding a +1 short sword of draining (about 53% to evade your claws)
Okay, then.
Unknown command.
You scratch the endoplasm but do no damage.
The endoplasm is heavily wounded.
The hobgoblin barely misses you. The kobold misses you. The endoplasm hits you.
You scratch the endoplasm but do no damage.
The endoplasm is heavily wounded.
The hobgoblin hits you.
* * * LOW HITPOINT WARNING * * *
The kobold hits you with a +1 short sword of draining.
* * * LOW HITPOINT WARNING * * *
The endoplasm hits you.
* * * LOW HITPOINT WARNING * * *
You scratch the endoplasm.
You kill the endoplasm!
The hobgoblin completely misses you.
The kobold hits you with a +1 short sword of draining.
* * * LOW HITPOINT WARNING * * *
You barely miss the endoplasm. The hobgoblin barely misses you.
The kobold closely misses you.
The endoplasm hits you but does no damage.
You scratch the endoplasm but do no damage.
The hobgoblin hits you but does no damage.
The kobold hits you with a +1 short sword of draining.
You die...

...............# ..........
..........#....# #..........
....#.....#....####.........
.........#.................
.......#................
.......+........(†.....#
..^....#........).##...#
.......#..........# ..#
#.@........#
......JgK.......#
................#
..................
...........#####..
.....(.....# ...........#
............


You could see an endoplasm, a hobgoblin and a kobold.

Vanquished Creatures
  A ball python (D:1)
  3 endoplasms (D:1)
  A giant cockroach (D:1)
  2 goblins (D:1)
  2 hobgoblins (D:1)
  A bat (D:1)
  2 kobolds (D:1)
  2 rats (D:1)
14 creatures vanquished.

Notes
Turn   | Place    | Note
-------+----------+-------------------------------------------
     0 | D:1      | Crownlay the Ghoul Necromancer began the quest for the Orb.
     0 | D:1      | Reached XP level 1. HP: 14/14 MP: 2/2
   158 | D:1      | Reached XP level 2. HP: 20/20 MP: 4/4
   160 | D:1      | Learned a level 1 spell: Animate Skeleton
   311 | D:1      | HP: 1/20 [kobold (2)]
   313 | D:1      | Slain by a kobold

Illustrated notes

Levels and vault maps discovered:
D:1:      erik_arrival_triangle_medium, layout_basic,
          shapermc_ecumenical_altar_hornbeckon

Skill      XL: |  1 |
---------------+----+-----
Spellcasting   | 2 |  2.4
Dodging        | |  1.7
Stealth        | |  2.1
Necromancy     | |  4.2

Action                   || total
-------------------------++-------
Melee: Unarmed           ||    36
 Cast: Pain              ||     9
       Animate Skeleton  ||     1
Armor: Robe              ||    11
Dodge: Dodged            ||    28
